Cogmind - Beta 16 @@@ ROGUE MODE // 2025.12.12 @ 01:50:45 Player: lvl5hm Result: Self-destructed Performance ------------- Evolutions (3) 1500 Regions Visited (6) 1200 Robots Destroyed (68) 340 Value Destroyed (1853) 1853 Prototype IDs (18) 360 Alien Tech Used (0) 0 Bonus (1914) 1914 TOTAL SCORE: 7167 Bonus ------- Delivered SUBCON Basin 2000 Friendly Fire -86 Cogmind --------- Core Integrity 231/700 Matter 300/300 Energy 125/125 System Corruption 6% Temperature Cool (0) Movement Flying (107) Ox1 Location -7/Lower Caves Parts ------- > --- POWER (1) -------- Light Ion Engine > --- PROPULSION (4) --- Improved Flight Unit Improved Flight Unit > --- UTILITY (6) ------ Improved Signal Interpreter Improved Signal Interpreter Advanced Terrain Scan Processor Improved Targeting Computer Improved Medium Armor Plating > --- WEAPON (2) ------- Power Sword > --- INVENTORY (5) ---- Advanced Targeting Computer Layered Medium Armor Plating Plasma Cannon Advanced Assault Cannon Shock Bomb Launcher Peak State ------------ > --- POWER ------------ Improved Deuterium Engine > --- PROPULSION ------- Light Treads Improved Treads Subdweller Monowheel > --- UTILITY ---------- Huge Storage Unit Improved Sensor Array Improved Signal Interpreter Layered Light Armor Plating Powered Armor Improved Shield Generator > --- WEAPON ----------- Gatling Laser High-powered Field Laser > --- INVENTORY -------- Light Treads Improved Treads VTOL Module Improved Flight Unit Improved Flight Unit Improved Flight Unit High-capacity Matter Pod Seismic Detector Transmission Jammer ECM Suite Authchip [Device] Authchip [Device] Authchip [Weapon] Tech Extrapolator Spread Laser Spread Laser High-powered Field Laser Powered Cannon Autogun Rocket Launcher Subdweller Shrapnel Launcher Plasma Cutter Multitool Makeshift Sword [Rating: 44] Favorites ----------- Power Subdweller Power Source Engine Subdweller Power Source Propulsion Light Treads Treads Light Treads Wheel Subdweller Monowheel Flight Unit Improved Flight Unit Utility Huge Storage Unit Device Seismic Detector Storage Huge Storage Unit Processor Improved Signal Interpreter Protection Scrap Shield Weapon Subdweller Laser Energy Gun Subdweller Laser Energy Cannon Subdweller Beam Cannon Ballistic Gun Light Assault Rifle Launcher Rocket Launcher Slashing Weapon Makeshift Sword Build | -11 -10 -10 -9 -7 -7 -7 ------- Run | Yrd Mat Sub Rec Fac Low Low Slots Evolved 6 | . . . . 6 . . Power . | . . . . . . . Propulsion 2 | . . . . 2 . . Utility 4 | . . . . 4 . . Weapon . | . . . . . . . Parts Attached 69 | 7 15 16 . 27 4 . Power 11 | 1 4 3 . 3 . . Engine 11 | 1 4 3 . 3 . . Core . | . . . . . . . Reactor . | . . . . . . . Propulsion 18 | 2 2 5 . 9 . . Treads 7 | 2 1 1 . 3 . . Leg . | . . . . . . . Wheel 8 | . . 4 . 4 . . Hover . | . . . . . . . Flight 3 | . 1 . . 2 . . Utility 21 | 2 4 2 . 10 3 . Device 7 | 1 2 . . 4 . . Storage 3 | 1 1 . . 1 . . Processor 4 | . . . . 2 2 . Hackware . | . . . . . . . Protection 7 | . 1 2 . 3 1 . Artifact . | . . . . . . . Weapon 19 | 2 5 6 . 5 1 . Energy Gun 7 | . 2 2 . 3 . . Energy Cannon 1 | . . 1 . . . . Ballistic Gun 6 | 2 3 . . 1 . . Ballistic Cannon . | . . . . . . . Launcher 3 | . . 2 . 1 . . Special Weapon . | . . . . . . . Impact Weapon . | . . . . . . . Slashing Weapon 2 | . . 1 . . 1 . Piercing Weapon . | . . . . . . . Special Melee Weapon . | . . . . . . . Unidentified Prototypes 2 | . 1 . . 1 . . Parts Lost 19 | . 1 1 . 15 . 2 Power 2 | . 1 . . 1 . . Propulsion 9 | . . 1 . 7 . 1 Utility 5 | . . . . 4 . 1 Weapon 3 | . . . . 3 . . Highest Loss Streak 12 | . 1 1 . 12 . 2 To Critical Strikes . | . . . . . . . Average Backups 12 | . 16 10 13 21 4 4 Power . | . . 1 . . . . Propulsion 2 | . 3 2 4 5 . . Utility 4 | . 6 3 4 7 . 1 Weapon 4 | . 5 4 3 7 4 3 Tool/Special . | . . . . . . . Unused Backups 43 | . 7 11 2 19 2 2 Power 1 | . . . . 1 . . Propulsion 4 | . 1 . . 3 . . Utility 17 | . . 5 2 9 . 1 Weapon 19 | . 6 6 . 4 2 1 Tool/Special 2 | . . . . 2 . . Average Slot Usage (%) 92 | . 99 88 100 84 72 82 Engine 13 | . 13 14 14 6 7 7 Treads 14 | . 27 16 . 7 . . Wheel 12 | . . 10 28 13 . . Device 6 | . 7 3 14 14 7 6 Storage 8 | . 14 6 14 6 . . Processor 1 | . . . . 5 25 30 Protection 6 | . 6 8 . 10 3 7 Energy Gun 13 | . 15 14 12 9 . . Energy Cannon 7 | . . 8 14 . . . Ballistic Gun 3 | . 12 2 . . . . Slashing Weapon 1 | . . 2 1 3 3 7 Peak Build Rating 44 | 7 14 32 32 44 35 35 Average Rating 17 | 5 9 14 22 35 30 34 On Entrance 18 | . 7 14 32 19 24 35 Avg Prop Armor Cover (%) 6 | . . 5 6 8 . . Naked Turns . | . . . . . . . Heaviest Build 117 | 13 92 98 98 117 14 14 Greatest Support 42 | 40 40 40 10 42 15 15 Greatest Overweight (x) 10 | . 4 9 9 10 . 1 Average Overweight (x) 3 | . 1 2 9 3 . . Largest Inventory Capacity 25 | 8 25 25 25 25 5 5 Average Capacity 17 | 7 22 13 25 23 5 5 Most Carried 25 | 3 25 25 25 25 5 5 Average Carried 14 | . 16 11 20 22 4 4 Final Capacity 25 | 8 25 25 25 5 5 5 Final Carried 25 | 3 25 25 24 3 4 5 Class Distribution -------------------- 46% | Mutant 29% | Subdweller-Mutant 24% | Scavenger-Mutant Dominant Class ---------------- Mutant | -10/Materials Subdweller-Mutant | -10/Subcaves Scavenger-Mutant | -9/Recycling Mutant | -7/Factory Mutant | -7/Lower Caves Mutant | -7/Lower Caves Resources | -11 -10 -10 -9 -7 -7 -7 ----------- Run | Yrd Mat Sub Rec Fac Low Low Matter Collected 2293 | 296 489 647 410 260 180 11 Remotely . | . . . . . . . Salvage Created 2455 | 192 738 541 591 381 12 . Parts 137 | 16 35 37 24 24 1 . Haulers Intercepted 1 | . 1 . . . . . Recyclers Shooed 2 | . 2 . . . . . Parts Field Recycled . | . . . . . . . Retrieved Matter . | . . . . . . . Parts Self-Destructed 16 | . . 16 . . . . Prevented . | . . . . . . . Parts Restored . | . . . . . . . Kills | -11 -10 -10 -9 -7 -7 -7 ------- Run | Yrd Mat Sub Rec Fac Low Low Combat Hostiles Destroyed 45 | . 15 16 2 12 . . Guns 26 | . 15 6 1 4 . . Cannons 7 | . . 6 1 . . . AOE 12 | . . 4 . 8 . . Classes Destroyed 16 | 2 6 4 . 4 . . Worker 1 | . . . . 1 . . Builder 2 | . 1 . 1 . . . Tunneler 6 | 5 . . . 1 . . Hauler 1 | . 1 . . . . . Recycler 8 | 1 1 . 6 . . . Operator 2 | . 1 . . 1 . . Turret 1 | . . 1 . . . . Watcher 2 | . 1 . . 1 . . Swarmer 11 | . 3 5 . 3 . . Grunt 15 | . 12 1 . 2 . . Protector 1 | . . . . 1 . . Sentry 4 | . . 1 2 1 . . Hunter 1 | . . . . 1 . . Programmer 4 | . . . . 4 . . Artisan 1 | . . 1 . . . . Subdweller 9 | . . 9 . . . . Decomposer 1 | . . . . . 1 . Best Kill Streak 8 | 4 3 6 2 8 . . Combat Bots Only 5 | . 3 5 1 5 . . Max Kills in Single Turn 4 | 1 2 3 1 4 1 . Gunslinging . | . . . . . . . Exploded 4 | . . 2 . 4 . . Melee . | . . . . . . . Uniques/NPCs Destroyed . | . . . . . . . Combat | -11 -10 -10 -9 -7 -7 -7 -------- Run | Yrd Mat Sub Rec Fac Low Low Hostile Shots Fired 364 | . 80 76 4 204 . . Missed 123 | . 21 22 . 80 . . Hits 241 | . 59 54 4 124 . . Projectile 241 | . 59 54 4 124 . . AOE 2 | . . 2 . . . . Critical Strikes 5 | . . . . 5 . . Damage Taken 3827 | . 669 864 55 2159 . 80 Core 618 | . 93 56 . 469 . . Absorbed by Shields 110 | . . . . 110 . . Core Remaining (%) 70 | 100 . . 40 . . . Volleys Fired 176 | 13 70 63 12 18 . . Largest 2 | 2 2 2 2 2 . . Hottest 150 | 40 100 140 140 150 . . Shots Fired 327 | 26 140 103 23 35 . . Gun 277 | 26 140 72 11 28 . . Cannon 39 | . . 27 12 . . . Launcher 11 | . . 4 . 7 . . Special . | . . . . . . . Kinetic 126 | 26 68 28 . 4 . . Thermal 196 | . 72 74 23 27 . . Explosive 5 | . . 1 . 4 . . Electromagnetic . | . . . . . . . Robot Hit Streak 20 | 6 12 20 11 8 . . Robot Miss Streak 4 | 1 4 2 1 1 . . Penetration Max . | . . . . . . . Secondary Targets 2 | . 2 . . . . . Max Gunslinging Chain 1 | . 1 . . . . . Shots Hit Robots 216 | 19 89 61 21 25 1 . Core Hits 134 | 10 42 27 8 47 . . Critical Kills 4 | . 1 2 1 . . . Critical Parts Destroyed 1 | . . 1 . . . . Critical Strikes 13 | . 6 4 2 1 . . Burn 6 | . 5 . . 1 . . Destroy 6 | . 1 4 1 . . . Sever 1 | . . . 1 . . . Melee Attacks 26 | . . 14 5 6 1 . Impact . | . . . . . . . Slashing 26 | . . 14 5 6 1 . Piercing . | . . . . . . . Sneak Attacks 6 | . . 1 4 . 1 . Combat Hostiles . | . . . . . . . Follow-up Attacks . | . . . . . . . Damage Inflicted 5934 | 162 1001 1614 754 2325 78 . Guns 2779 | 162 1001 865 181 570 . . Cannons 544 | . . 297 247 . . . Explosions 2141 | . . 386 . 1755 . . Melee 470 | . . 66 326 . 78 . Ramming . | . . . . . . . Kinetic 2179 | 162 353 653 . 1011 . . Thermal 2527 | . 648 895 428 556 . . Explosive 758 | . . . . 758 . . Electromagnetic . | . . . . . . . Impact . | . . . . . . . Slashing 470 | . . 66 326 . 78 . Piercing . | . . . . . . . Highest Corruption 6 | . . . . 5 5 6 Average Corruption 3 | . . . . 2 5 5 Corruption Purged . | . . . . . . . Corruption Blocked . | . . . . . . . Effects 15 | . . . . 9 4 2 Message Errors 2 | . . . . . 1 1 Matter Fused 4 | . . . . 3 1 . Heat Flow Errors 4 | . . . . 3 1 . Energy Discharges 1 | . . . . 1 . . Data Loss (minor) 1 | . . . . . . 1 Misfires 2 | . . . . 2 . . Alerts 1 | . . . . . 1 . Overload Shots . | . . . . . . . Overflow Damage 187 | . . 9 73 42 63 . Projectiles . | . . . . . . . Explosions 51 | . . 9 . 42 . . Melee 136 | . . . 73 . 63 . Knockbacks . | . . . . . . . Impact . | . . . . . . . Kinetic . | . . . . . . . Secondary . | . . . . . . . Self-Inflicted Damage 312 | . . 58 . 254 . . Shots 7 | . . 1 . 6 . . Rammed . | . . . . . . . Targets Rammed . | . . . . . . . Kicked . | . . . . . . . Crushed . | . . . . . . . Highest Temperature 456 | . 96 81 144 456 262 . Average Temperature 81 | . 20 21 54 154 187 . Received Heat Transfer 824 | . 321 237 18 248 . . Effects 5 | . . . . 5 . . Energy Bleed 1 | . . . . 1 . . Interference 3 | . . . . 3 . . Damage (minor) 1 | . . . . 1 . . Siege Activations . | . . . . . . . Martial Activations . | . . . . . . . Shielding Activations . | . . . . . . . Robots Disrupted . | . . . . . . . Combat Hostiles . | . . . . . . . Robots Corrupted . | . . . . . . . Combat Hostiles . | . . . . . . . Parts Fried . | . . . . . . . Impact Corruptions . | . . . . . . . Robots Melted . | . . . . . . . Combat Hostiles . | . . . . . . . Parts Melted 8 | . 2 1 1 4 . . Heat Transferred 4960 | . 2220 1132 558 1050 . . Parts Sabotaged . | . . . . . . . Parts Stolen . | . . . . . . . Parts Stripped . | . . . . . . . Power Chain Reactions . | . . . . . . . Alert | -11 -10 -10 -9 -7 -7 -7 ------- Run | Yrd Mat Sub Rec Fac Low Low Maximum Alert Level 1 | . . . . 1 . . Low Security (%) 91 | 100 100 . 100 46 . . Level 1 8 | . . . . 53 . . Level 2 . | . . . . . . . Level 3 . | . . . . . . . Level 4 . | . . . . . . . Level 5 . | . . . . . . . High Security . | . . . . . . . Max Security . | . . . . . . . Peak Influence 350 | 10 105 . 95 350 . . Initial 350 | . . . 75 350 . . Average 50 | 2 26 . 15 212 . . Influence Increases 1777 | 30 454 245 304 744 . . Destroy 0b10 Robot/C 720 | . 300 160 40 220 . . Destroy 0b10 Robot/NC 115 | 30 25 . 35 25 . . Destroy Leader 126 | . 74 10 . 42 . . Successful Hack 26 | . 9 . 17 . . . Select Force Hacks 240 | . 30 . 210 . . . Disable Machine 30 | . . . . 30 . . Destroy Structure 50 | . 1 . 2 47 . . Advance Influence 350 | . . . . 350 . . Lose Combat Pursuer 120 | . 15 75 . 30 . . Influence Decreases 1777 | 30 428 114 461 524 172 48 Entered New Map 188 | . . 14 82 . 82 10 Time Decay 1429 | 30 418 100 379 374 90 38 Lost Part 160 | . 10 . . 150 . . Squads Dispatched 8 | . 5 . . 3 . . Investigation 4 | . 3 . . 1 . . Extermination 2 | . . . . 2 . . Reinforcement 2 | . 2 . . . . . Assault . | . . . . . . . Garrison . | . . . . . . . Intercept . | . . . . . . . Searches Triggered . | . . . . . . . Construction Impeded . | . . . . . . . Haulers Reinforced . | . . . . . . . Active Scanning Responses . | . . . . . . . Cargo Convoy Interrupts 1 | . . . . 1 . . Stealth | -11 -10 -10 -9 -7 -7 -7 --------- Run | Yrd Mat Sub Rec Fac Low Low Distress Signals 3 | . 2 . . 1 . . Communications Jammed . | . . . . . . . Distress Signals . | . . . . . . . Times Spotted 77 | . 29 17 1 30 . . Peak Tracking Total 13 | . 3 6 1 13 . . Tactical Retreats 4 | . 1 1 . 2 . . Traps | -11 -10 -10 -9 -7 -7 -7 ------- Run | Yrd Mat Sub Rec Fac Low Low Traps Triggered 4 | . 2 . . 1 . 1 Indirectly . | . . . . . . . Trap Hack Attempts . | . . . . . . . Triggered . | . . . . . . . Disarmed . | . . . . . . . Reprogrammed . | . . . . . . . Reused . | . . . . . . . Traps Extracted . | . . . . . . . Installed . | . . . . . . . Triggered . | . . . . . . . Machines | -11 -10 -10 -9 -7 -7 -7 ---------- Run | Yrd Mat Sub Rec Fac Low Low Machines Disabled 7 | . . 5 . 2 . . Max in Single Turn 3 | . . 3 . 1 . . Garrison Access 1 | . . . . 1 . . Machines Repaired . | . . . . . . . Machines Dismantled . | . . . . . . . Machines Sabotaged . | . . . . . . . Overloaded Fab Kills . | . . . . . . . Hacking | -11 -10 -10 -9 -7 -7 -7 --------- Run | Yrd Mat Sub Rec Fac Low Low Machines Accessed 27 | . 7 4 13 2 . 1 Terminals 13 | . 6 . 6 1 . . Fabricators . | . . . . . . . Repair Stations . | . . . . . . . Recycling Units 8 | . 1 . 7 . . . Scanalyzers . | . . . . . . . Garrison Access 1 | . . . . 1 . . Total Hacks 53 | . 16 11 22 3 . 1 Successful 32 | . 4 11 15 1 . 1 Failed 20 | . 11 . 7 2 . . Catastrophic 2 | . 1 . . 1 . . Database Lockouts 1 | . 1 . . . . . Manual 33 | . 12 . 19 2 . . Terminals 30 | . 15 . 13 2 . . Fabricators . | . . . . . . . Repair Stations . | . . . . . . . Recycling Units 10 | . 1 . 9 . . . Scanalyzers . | . . . . . . . Garrison Access 1 | . . . . 1 . . Terminal Hacks 16 | . 2 11 2 . . 1 Record 8 | . . 8 . . . . Robot Schematic 1 | . . . 1 . . . Robot Analysis 1 | . 1 . . . . . Prototype ID Bank 2 | . 1 . 1 . . . Open Door 2 | . . 1 . . . 1 Proto ID Catalog 1 | . . 1 . . . . Release Object 1 | . . 1 . . . . Fabricator Hacks . | . . . . . . . Repair Station Hacks . | . . . . . . . Recycling Unit Hacks . | . . . . . . . Scanalyzer . | . . . . . . . Garrison Access Hacks 1 | . . . . 1 . . Seal Access 1 | . . . . 1 . . Unauthorized Hacks 15 | . 2 . 13 . . . Terminals 7 | . 1 . 6 . . . Botnet 3 | . 1 . 2 . . . Skim 4 | . . . 4 . . . Fabricators . | . . . . . . . Repair Stations . | . . . . . . . Recycling Units 8 | . 1 . 7 . . . Tunnel 8 | . 1 . 7 . . . Scanalyzers . | . . . . . . . Garrison Access . | . . . . . . . Data Cores Recovered . | . . . . . . . Used . | . . . . . . . Hacking Detections 13 | . 6 . 6 1 . . Full Trace Events 2 | . 1 . . 1 . . Feedback Events . | . . . . . . . Feedback Blocked . | . . . . . . . Robot Schematics Acquired 1 | . . . 1 . . . Robots Built . | . . . . . . . Authchips . | . . . . . . . Time . | . . . . . . . Total Robot Build Rating . | . . . . . . . Part Schematics Acquired . | . . . . . . . Parts Built . | . . . . . . . Authchips . | . . . . . . . Time . | . . . . . . . Total Part Build Rating . | . . . . . . . Part Studies Acquired . | . . . . . . . Parts Repaired . | . . . . . . . Time . | . . . . . . . Parts Recycled . | . . . . . . . Recycled Matter . | . . . . . . . Retrieved Matter . | . . . . . . . Retrieved Components . | . . . . . . . Parts Scanalyzed . | . . . . . . . Part Schematics Acquired . | . . . . . . . Parts Damaged . | . . . . . . . Bothacking | -11 -10 -10 -9 -7 -7 -7 ------------ Run | Yrd Mat Sub Rec Fac Low Low Used RIF Installer . | . . . . . . . Robots Hacked . | . . . . . . . Non-combat . | . . . . . . . Combat . | . . . . . . . Robot Hacks Applied . | . . . . . . . Relay Couplers Released . | . . . . . . . Fabnet Peak Effective % . | . . . . . . . Robots Rewired . | . . . . . . . Allies Hacked . | . . . . . . . Hacks Repelled . | . . . . . . . Allies | -11 -10 -10 -9 -7 -7 -7 -------- Run | Yrd Mat Sub Rec Fac Low Low Total Allies . | . . . . . . . Largest Group . | . . . . . . . Highest-Rated Group . | . . . . . . . Highest-Rated Ally . | . . . . . . . Total Orders . | . . . . . . . Ally Attacks . | . . . . . . . Total Damage . | . . . . . . . Kills . | . . . . . . . Allies Corrupted . | . . . . . . . Allies Melted . | . . . . . . . Intel | -11 -10 -10 -9 -7 -7 -7 ------- Run | Yrd Mat Sub Rec Fac Low Low Active Infowar (turns) 4943 | 28 199 1343 2303 769 190 111 Sensors 879 | . . . . 578 190 111 Seismic 4602 | 28 199 1343 2303 729 . . Jamming 55 | . . . . 55 . . Robot Analysis Total 1 | . 1 . . . . . Derelict Logs Recovered 3 | . . 2 . . 1 . Drone Launches . | . . . . . . . Drone Recoveries . | . . . . . . . Exploration | -11 -10 -10 -9 -7 -7 -7 ------------- Run | Yrd Mat Sub Rec Fac Low Low Turns Passed 11786 | 167 2088 6045 2303 873 190 120 Spaces Moved 5627 | 75 625 2580 1034 536 446 331 Core 28 | 6 . . . 22 . . Treads 2068 | 69 625 1373 . 1 . . Legs . | . . . . . . . Wheels 2666 | . . 1207 1034 425 . . Hover . | . . . . . . . Flight 865 | . . . . 88 446 331 Fastest Speed 34 | 50 160 120 215 34 34 34 Average Speed 181 | 151 285 199 215 129 34 35 Slowest Speed 480 | 160 480 480 215 480 34 107 Overloaded Moves . | . . . . . . . Propulsion Burnouts . | . . . . . . . Robots Hopped . | . . . . . . . Potential Cave-ins . | . . . . . . . Cave-ins Triggered . | . . . . . . . Exploration Rate (%) 57 | 6 97 88 96 10 57 47 Regions Visited 6 Branch Regions 4 Pre-discovered Areas 9 | . 1 1 7 . . . Known Exits Taken 2 | . . . . 1 1 . Unknown Exits Taken 4 | 1 1 1 1 . . . Scrap Searched 6 | . . . . . 3 3 Spaces Dug 18 | . . 14 . 4 . . Terrain Destroyed 104 | . . 43 2 59 . . Melee 4 | . . . . 4 . . Projectile 7 | . . 5 2 . . . AOE 93 | . . 38 . 55 . . Terrain Rammed . | . . . . . . . Walls Destroyed . | . . . . . . . Machines Disabled . | . . . . . . . Actions | -11 -10 -10 -9 -7 -7 -7 --------- Run | Yrd Mat Sub Rec Fac Low Low Total 6841 | 104 805 3357 1089 671 483 332 Wait 747 | 7 51 605 19 43 22 . Move 5621 | 74 624 2579 1033 535 445 331 Hop . | . . . . . . . Pick Up 91 | 3 27 23 16 15 6 1 Fast Attach 33 | 7 4 6 . 14 2 . Attach 10 | . . 2 . 6 2 . Detach 10 | . 3 5 . 1 1 . Swap 50 | . 13 21 1 15 . . Drop 63 | . 13 25 3 18 4 . Fire 176 | 13 70 63 12 18 . . Melee 26 | . . 14 5 6 1 . Ram . | . . . . . . . Kick . | . . . . . . . Crush . | . . . . . . . Escape Stasis . | . . . . . . . Rewire . | . . . . . . . Trap . | . . . . . . . Miscellaneous 14 | . . 14 . . . . Route ------- -11/Scrapyard -10/Materials (discovered 5 exits: [*Mat x3] / [*Min] / *Sub) -10/Subcaves (discovered 3 exits: [*Mat x2] / *Rec) -9/Recycling (discovered 2 exits: *Fac / [*Scr]) -7/Factory (discovered 4 exits: Fac x3 / *Low) -7/Lower Caves -7/Lower Caves (discovered 1 exit: *Fac) History --------- Turn | Location | Event 4 | -11/Scrapyard | Discovered new exit (range 16) 168 | -11/Scrapyard | Entered Materials 211 | -10/Materials | Discovered new exit (range 16) 302 | -10/Materials | Build established: Mutant 728 | -10/Materials | Discovered new exit (range 12) 1220 | -10/Materials | Discovered new exit (range 7) 1824 | -10/Materials | Central database locked down 1947 | -10/Materials | Discovered new exit (range 8) 2221 | -10/Materials | Discovered new exit (range 10) 2256 | -10/Materials | Entered Subcaves 2315 | -10/Subcaves | Shifting Twisted Machinery released Mak. Light Armor Plating 2328 | -10/Subcaves | Shifting Twisted Machinery released Mak. Sword 2589 | -10/Subcaves | Shifting Twisted Machinery released Sub. Power Source 2597 | -10/Subcaves | Shifting Twisted Machinery released Sub. Monowheel 2972 | -10/Subcaves | Discovered new exit (range 13) 3199 | -10/Subcaves | Discovered new exit (range 14) 3602 | -10/Subcaves | Visited 4L-MR0's lab 3783 | -10/Subcaves | Build established: Subdweller-Mutant 4130 | -10/Subcaves | Learned Materials trap positions 4305 | -10/Subcaves | Core integrity fell below 50% 4631 | -10/Subcaves | Learned location of 1 exit from Materials 4672 | -10/Subcaves | A swath of the cavern ceiling suddenly collapsed 4911 | -10/Subcaves | Learned location of Zion (-7) 4911 | -10/Subcaves | Met a Zionite searching for "candidates" 5031 | -10/Subcaves | Discovered new exit (range 16) 5657 | -10/Subcaves | Shifting Twisted Machinery released Battle Cannon 5674 | -10/Subcaves | Shifting Twisted Machinery released Sub. Machine Gun 5716 | -10/Subcaves | Visited Clippyterm 5723 | -10/Subcaves | Learned Research machine intel 5723 | -10/Subcaves | Learned 40 Factory zone layouts 6429 | -10/Subcaves | A swath of the cavern ceiling suddenly collapsed 7049 | -10/Subcaves | Found Powered Cannon 7210 | -10/Subcaves | Build established: Mutant 8016 | -10/Subcaves | Found SUBCON Basin 8301 | -10/Subcaves | Build established: Scavenger-Mutant 8301 | -10/Subcaves | Entered Recycling 9166 | -9/Recycling | Scanned before Scraplab entrance 9196 | -9/Recycling | Entered Scraplab 9213 | -9/Recycling | Discovered new exit (range 2) 9561 | -9/Recycling | Discovered new exit (range 15) 10604 | -9/Recycling | Entered Factory 10604 | -7/Factory | Evolved 6 slots: Propulsion x2, Utility x4 10605 | -7/Factory | Identified exit to Factory 10605 | -7/Factory | Identified exit to Lower Caves 10730 | -7/Factory | Build established: Mutant 10821 | -7/Factory | Found Powered Armor 11267 | -7/Factory | Build established: Scavenger-Mutant 11377 | -7/Factory | Cargo convoy interrupted 11404 | -7/Factory | Core integrity fell below 50% 11428 | -7/Factory | Lost 12 parts (1p4n4u3w) 11477 | -7/Factory | Entered Lower Caves 11478 | -7/Lower Caves | Encountered a Warlord checkpoint 11571 | -7/Lower Caves | Learned Factory stockpile data 11665 | -7/Lower Caves | Discovered new exit (range 3) 11666 | -7/Lower Caves | Identified exit to Lower Caves 11667 | -7/Lower Caves | Entered another Lower Caves area 11681 | -7/Lower Caves | Build established: Mutant 11686 | -7/Lower Caves | Discovered exit to Factory (range 14) 11747 | -7/Lower Caves | Encountered a Warlord checkpoint 11787 | -7/Lower Caves | Self-destructed Last Messages --------------- 11700_ Acquired 11 matter. 11721_ Searching scrap... 11721_ Found Melee Analysis Suite. 11721_ Found Adv. ECM Suite. 11721_ Found Hrd. Heavy Armor Plating. 11721_ Found 44 Matter. 11747_ C8-36Q(M): "We're here to intercept Unaware patrols. Move along before you get yourself shot." 11771_ Searching scrap... 11771_ Found Adv. Targeting Computer. 11771_ Found 35 Matter. 11774_ Acquired Adv. Targeting Computer. 11778_ System corruption misinterpreted. 11778_ Triggered Dirty Bomb Trap. 11778_ An explosion rips through the floor. 11778_ Imp. Flight Unit destroyed. 11778_ Imp. Sensor Array destroyed. 11778_ Fire Trap short circuited. 11778_ Burning plasma bursts from the floor. Map ----- +----------------------------------------------------+ | ?????????????????????????????????????# #??## #? | | ????????????????????????????????????? ????# #? | | ????????????????????????????????????? ???### #? | | ????????????????????????????????????####??## ##? | | ??????????????????????????????????????????# ##?? | | ??????????????????????????????????????????# # ##?? | | ??????????????????????????????????? ??????# #?? | | ?????????????????????????????????? #????## #?? | | ?????????????????????????????????? #??##### #?? | | ?????????????????????????????????? #??# #?? | | ?????????????????????????????????? #??# ### #?? | | ????????????????????????????????## #### ### #?? | | ???????????????????????????????## ## #?? | | ???????????????????????????????# ##?? | | ???????????????????????????????# #??? | | ???????????????????????????????# ## ###??? | | ??????????????????????????????## ## #????? | | ?????????????????????????###### #?# #????? | | ????????????????????????## #??# ##???? | | ????????????????????????# #???# #???? | | ????????????????????????# "##????### #???? | | ???????????????????????## ""#??????# #???? | | ???????????????????????# #" ;##?????# #???? | | ???????????????????????# #;; ####??# #???? | | ???????????????????????# #;;; #?## #???? | | ???????????????????????# @ ###" #### #???? | | ?????????????????????# ##??## ### #???? | | ?????????????????????# #????# ## #???? | | ????????????????????s #????# ## #???? | | ?????????????????? #???# % ##???? | | ?????????????????####### #??# ####????? | | ???????????????????????######## #?# ####???????? | | ???????????????????????????????# #?####??????????? | | ????????????????????????????????##???????????????? | | ?????????????????????????????????????????????????? | | ?????????????????????????????????????????????????? | | ?????????????????????????????????????????????????? | | ?????????????????????????????????????????????????? | | ?????????????????????????????????????????????????? | | ?????????????????????????????????????????????????? | | ?????????????????????????????????????????????????? | | ?????????????????????????????????????????????????? | | ?????????????????????????????????????????????????? | | ?????????????????????????????????????????????????? | | ?????????????????????????????????????????????????? | | ?????????????????????????????????????????????????? | | ?????????????????????????????????????????????????? | | ?????????????????????????????????????????????????? | | ?????????????????????????????????????????????????? | | | +----------------------------------------------------+ Best States ------------- Heat Dissipation 39 Energy Generation 16 Energy Capacity 290 Matter Stores 300 Matter Capacity 300 Sight Range 16 Robot Scan Range 15 Terrain Scan Density 210 Jamming Range 12 Armor Coverage 800 Resistance: TH 10 Evasion (%) 63 Targeting Accuracy 6 Recoil Reduction 2 Authchip Count 3 Item Schematics ----------------- None Robot Schematics ------------------ K-01 Serf | -9/Recycling | Hacked Fabricated ------------ Nothing Repaired ---------- Nothing Studied --------- None Alien Tech Used ----------------- None Achievements -------------- None Challenges ------------ None Game ------ Seed FieldthrustRelayStorm Manual? 0 Play Time 00:58:30 Cumulative 278.4 hours Start 2025.12.12 @ 00:48:51 End 2025.12.12 @ 01:50:45 Sessions 1 Manual Loads 0 Difficulty Rogue Special Mode None Game No. 205 Rogue 205 Adventurer 0 Explorer 0 Win Type - Total 12 Types 7/0/2/1/0/0/0/1/0/1 Lore% 72 Gallery% 75 Achievement% 69 Wizard Run 0 Options --------- Layout 2 ASCII 0 Keyboard 1 Movement Arrows Keybinds 0 Fullscreen 1 Font 32/Tamsyn Map View 50x44 Zoom Use 0% Tactical HUD 1 Map Filters NONE Filters NONE Steam 1 RUN: 4ee8dfd2-64d8-48eb-8ed3-5f1a64a476c2